 Dungeon Sprint DCSS version 0.29.1-2-gbd0b4ee654 (webtiles) character file.

Game seed: 11629295019440755831

4535 Groucho the Imperceptible (level 10, -4/51 HPs)
             Began as a Spriggan Enchanter on Nov 26, 2022.
             Was a Priest of Uskayaw.
             Shot with an arrow by a deep elf master archer (33 damage)
             ... in the Dungeon (Sprint II: "The Violet Keep of Menkaure").
             The game lasted 00:06:27 (702 turns).

Groucho the Imperceptible (Spriggan Enchanter)       Turns: 702, Time: 00:06:27

Health: -4/51      AC:  2    Str:  8    XL:     10   Next: 17%
Magic:  23/27      EV: 24    Int: 17    God:    Uskayaw [***...]
Gold:   393        SH:  0    Dex: 16    Spells: 23/33 levels left

rFire   . . .      SeeInvis +   a - +1 dagger
rCold   + . .      Faith    .   (no shield)
rNeg    . . .      Spirit   .   f - +0 robe {rC+}
rPois   .          Reflect  .   (helmet restricted)
rElec   .          Harm     .   (no cloak)
rCorr   .          Rampage  .   (gloves unavailable)
Will    +....      NoTele   +   (boots unavailable)
Stlth   ++++++++..              b - amulet "Gacahur" {Acrobat +Blink}
HPRegen 0.17/turn               d - ring of flight
MPRegen 0.20/turn               (no ring)

@: confusing by touch, flying, very quick
A: very small, no large weapons, unfitting armour, see invisible, speed 3
a: Renounce Religion, Evoke Blink, Stomp, Line Pass


You were in the Dungeon.
You worshipped Uskayaw.
Uskayaw was noncommittal.
You visited 1 branch You collected 1296 gold pieces.
You spent 903 gold pieces at shops.

Inventory:

Hand Weapons
 a - a +1 dagger (weapon)
Armour
 f - a +0 robe of cold resistance (worn)
Jewellery
 b - the amulet "Gacahur" (around neck) {Acrobat +Blink}
   (You bought it in a shop in the Dungeon)

   [amulet of the acrobat]

   It increases your evasion while moving and waiting.
   +Blink:    It lets you blink.
 d - a ring of flight (left hand)
Scrolls
 c - a scroll of identify {unknown}
 i - a scroll of blinking
Potions
 e - a potion of heal wounds
 g - 2 potions of magic
 h - a potion of berserk rage


   Skills:
 + Level 4.7 Fighting
 * Level 9.1 Short Blades
 * Level 11.2 Dodging
 * Level 21.0 Stealth
 + Level 12.1 Spellcasting
 * Level 14.0 Hexes


You had 23 spell levels left.
You knew the following spells:

 Your Spells              Type           Power      Damage    Failure   Level
a - Confusing Touch       Hex            55%        N/A       1%          3
b - Passwall              Tmut/Erth      8%         N/A       11%         2
c - Ensorcelled Hibernat  Hex/Ice        68%        N/A       1%          2
d - Dazzling Flash        Conj/Hex       68%        N/A       1%          3

Your spell library contained the following spells:

 Spells                   Type           Power      Damage    Failure   Level
 Tukima's Dance           Hex            55%        N/A       1%          3
 Swiftness                Air            10%        N/A       21%         3


Dungeon Overview and Level Annotations

Branches:
Dungeon (1/1)

Altars:
Cheibriados
Dithmenos
Elyvilon
Fedhas
Gozag
Hepliaklqana
Kikubaaqudgha
Makhleb
Nemelex Xobeh
Okawaru
Qazlal
Ru
Sif Muna
Trog
Uskayaw
Vehumet
Wu Jian
Xom
Yredelemnul
Zin
The Shining One
Jiyva
Lugonu

Shops:
D :(?:=(:(![?=![(

Annotations:
D exclusion: oklob plant


Innate Abilities, Weirdness & Mutations

You are very small and have problems with some larger weapons.
You are too small for most types of armour.
You have supernaturally acute eyesight. (SInv)
You cover ground extremely quickly. (Speed+++)


Message History

Okay, then.
You reach down and open the door. 3 shining eyes come into view.
Found 81 gold pieces.
The shining eye turns its gaze towards you.
There is an open door here.
The helpless shining eye fails to defend itself.
You perforate the shining eye like a sieve!!!!!
You kill the shining eye!
You can now pass through a line of other dancers.
The helpless shining eye fails to defend itself.
You perforate the shining eye like a sieve!!!!
You kill the shining eye!
Uskayaw will force your foes to helplessly watch your dance.
Uskayaw prepares the audience for your solo!
Your Spellcasting skill increases to level 12!
You have reached level 10!
You feel clever.
The helpless shining eye fails to defend itself.
You spit the shining eye like a pig!!!!!
You kill the shining eye!
Your Short Blades skill increases to level 9!
Your Dodging skill increases to level 11!
Your Stealth skill increases to level 21!
Your Hexes skill increases to level 14!
You now have 393 gold pieces (gained 81).
There is an open door here.
Casting: Confusing Touch (safe; 1% risk of failure)
Confirm with . or Enter, or press ? or * to list all spells.
Your hands begin to glow red.
The deep elf master archer shouts!
The deep elf master archer shoots an arrow.
The arrow barely misses you.
The deep elf master archer shoots an arrow.
The arrow hits you!!
You hit the deep elf master archer but do no damage.
The deep elf master archer shoots an arrow.
The arrow hits you!!
Ouch! That really hurt!
You die...

##++## # ##§...### ~##
#e@.....# ###~~#+++#
####....# ##~~~.... ..
#..'....# ∩#~~~~.#
..#..####†# .#~~~~##
##.####..'.### .#~~~~#.###÷#
...#..#...####
.#~~####.#.####..#####..##)#


$$)! .#~##.###'###.##..#†.'..#††#▓$[[[ .#~#...##.##..##..#..#..#†.#▓)((( You
could see a deep elf master archer.

Vanquished Creatures
  3 shining eyes (D)
  A merfolk siren (D)
  A yaktaur (D)
  5 polar bears (D)
  A hornet (D)
  2 wyverns (D)
  4 neqoxecs (D)
  Menkaure (D)
  4 water moccasins (D)
  4 scorpions (D)
26 creatures vanquished.

Notes
Turn   | Place    | Note
-------+----------+-------------------------------------------
     0 | D        | Groucho the Spriggan Enchanter began the quest for the Orb.
     0 | D        | Reached XP level 1. HP: 9/9 MP: 5/5
     3 | D        | Noticed a merfolk siren
     6 | D        | Noticed a wyvern
     6 | D        | Noticed a wyvern
     9 | D        | Noticed a scorpion
     9 | D        | Noticed a scorpion
     9 | D        | Noticed a scorpion
     9 | D        | Noticed a scorpion
    16 | D        | Killed a scorpion
    17 | D        | Reached skill level 9 in Stealth
    17 | D        | Reached skill level 5 in Spellcasting
    17 | D        | Reached skill level 5 in Hexes
    17 | D        | Reached XP level 2. HP: 13/13 MP: 6/9
    17 | D        | Reached XP level 3. HP: 16/16 MP: 6/10
    18 | D        | Killed a scorpion
    19 | D        | Reached skill level 11 in Stealth
    19 | D        | Reached XP level 4. HP: 21/21 MP: 7/13
    19 | D        | Killed a scorpion
    20 | D        | Reached skill level 12 in Stealth
    20 | D        | Reached XP level 5. HP: 24/24 MP: 8/15
    27 | D        | Noticed a neqoxec
    30 | D        | Killed a neqoxec
    31 | D        | Reached skill level 14 in Stealth
    31 | D        | Reached XP level 6. HP: 28/28 MP: 10/18
    31 | D        | Noticed a neqoxec
    32 | D        | Killed a neqoxec
    33 | D        | Reached skill level 15 in Stealth
    33 | D        | Noticed a neqoxec
    33 | D        | Noticed a neqoxec
    35 | D        | Killed a neqoxec
    36 | D        | Reached skill level 16 in Stealth
    36 | D        | Reached XP level 7. HP: 32/32 MP: 11/21
    37 | D        | Killed a neqoxec
    38 | D        | Reached skill level 17 in Stealth
    38 | D        | Reached skill level 10 in Spellcasting
    38 | D        | Reached skill level 10 in Hexes
    53 | D        | Killed a merfolk siren
    54 | D        | Reached skill level 1 in Fighting
    54 | D        | Reached skill level 18 in Stealth
    54 | D        | Reached XP level 8. HP: 37/37 MP: 13/23
    60 | D        | Reached skill level 5 in Dodging
    92 | D        | Found Xaruned's Weapon Shoppe.
    92 | D        | Found Kuosiklu's Magic Scroll Shoppe.
    92 | D        | Found Ilyozila's Distillery.
    92 | D        | Found Osso Xerph's Book Emporium.
    92 | D        | Found Kionk's Antique Weapon Shoppe.
    92 | D        | Found Wyhoch's Antique Armour Emporium.
    93 | D        | Found Burcholi's Antique Armour Emporium.
    93 | D        | Found Codd's Distillery.
    93 | D        | Found Nofimom's Jewellery Shoppe.
    93 | D        | Found Lidisia's Book Emporium.
    94 | D        | Found Saecoc's Magic Scroll Shoppe.
    94 | D        | Found Nyojol's Jewellery Shoppe.
    94 | D        | Found Jaehi's Weapon Emporium.
    94 | D        | Found Ogiash's Weapon Emporium.
    94 | D        | Noticed Menkaure
    94 | D        | Noticed a death yak
   106 | D        | Learned a level 3 spell: Confusing Touch
   119 | D        | Killed Menkaure
   120 | D        | Reached skill level 5 in Short Blades
   295 | D        | Noticed an oklob plant
   296 | D        | Found Xoumnejy's Book Shoppe.
   299 | D        | Noticed a fire dragon
   313 | D        | Bought a ring of flight for 175 gold pieces
   329 | D        | Bought a glowing robe for 88 gold pieces
   346 | D        | Bought the amulet "Gacahur" {Acrobat +Blink} for 440 gold
                  | pieces
   360 | D        | Bought a book of Burglary for 200 gold pieces
   363 | D        | Learned a level 2 spell: Passwall
   505 | D        | Found a hazy altar of Hepliaklqana.
   505 | D        | Found a snail-covered altar of Cheibriados.
   506 | D        | Found a stormy altar of Qazlal.
   506 | D        | Found a viscous altar of Jiyva.
   506 | D        | Found a shadowy altar of Dithmenos.
   507 | D        | Found a sacrificial altar of Ru.
   507 | D        | Found an ancient bone altar of Kikubaaqudgha.
   507 | D        | Found a white marble altar of Elyvilon.
   508 | D        | Found an ornate altar of the Wu Jian Council.
   508 | D        | Found a shimmering blue altar of Sif Muna.
   508 | D        | Found a corrupted altar of Lugonu.
   510 | D        | Found a shimmering altar of Xom.
   510 | D        | Found a bloodstained altar of Trog.
   510 | D        | Found a burning altar of Makhleb.
   511 | D        | Found a glowing golden altar of the Shining One.
   511 | D        | Found a basalt altar of Yredelemnul.
   511 | D        | Found a hide-covered altar of Uskayaw.
   513 | D        | Found a glowing silver altar of Zin.
   513 | D        | Found a radiant altar of Vehumet.
   513 | D        | Found a blossoming altar of Fedhas.
   513 | D        | Found a sparkling altar of Nemelex Xobeh.
   513 | D        | Noticed a hornet
   513 | D        | Noticed a polar bear
   514 | D        | Found an opulent altar of Gozag.
   514 | D        | Found an iron altar of Okawaru.
   514 | D        | Noticed a yaktaur
   520 | D        | Became a worshipper of Uskayaw the Reveller
   529 | D        | Noticed a polar bear
   529 | D        | Noticed a polar bear
   530 | D        | Killed a polar bear
   530 | D        | Reached * piety under Uskayaw
   531 | D        | Reached skill level 19 in Stealth
   531 | D        | Killed a polar bear
   531 | D        | Reached ** piety under Uskayaw
   532 | D        | Reached XP level 9. HP: 44/44 MP: 23/25
   533 | D        | Killed a polar bear
   533 | D        | Reached *** piety under Uskayaw
   534 | D        | Reached **** piety under Uskayaw
   536 | D        | Killed a yaktaur
   546 | D        | Noticed a polar bear
   547 | D        | Noticed a polar bear
   549 | D        | Killed a polar bear
   550 | D        | Reached skill level 20 in Stealth
   550 | D        | Killed a polar bear
   565 | D        | Reached ***** piety under Uskayaw
   566 | D        | Reached skill level 10 in Dodging
   580 | D        | Learned a level 2 spell: Ensorcelled Hibernation
   584 | D        | Learned a level 3 spell: Dazzling Flash
   607 | D        | Noticed a deep elf master archer
   687 | D        | Noticed a shining eye
   687 | D        | Noticed a shining eye
   687 | D        | Noticed a shining eye
   689 | D        | Killed a shining eye
   690 | D        | Killed a shining eye
   691 | D        | Reached XP level 10. HP: 49/51 MP: 25/27
   692 | D        | Killed a shining eye
   693 | D        | Reached skill level 21 in Stealth
   702 | D        | Shot with an arrow by a deep elf master archer

Illustrated notes

Levels and vault maps discovered:
D:        the_violet_keep_of_menkaure [sprint2_stairs_cluster_1,
          sprint2_shoproom, sprint2_temple, sprint2_basic_supplies,
          sprint2_obstacle_6, sprint2_obstacle_5, sprint2_obstacle_3,
          sprint2_obstacle_2, sprint2_obstacle_4, sprint2_timed_cluster_1,
          sprint2_smallroom_cluster_1, sprint2_smallroom_final_cluster_1,
          sprint2_transparent_cluster_1, sprint2_second_timed_cluster_1,
          sprint2_sniper_area_1, sprint2_heavy_combat_area_1,
          sprint2_mutation_trap_area_1, sprint2_forest_area_1,
          sprint2_light_combat_area_1, sprint2_behind_water_1,
          sprint2_near_end_vault_1]

Skill      XL: |  1  2  3  4  5  6  7  8  9 10 |
---------------+-------------------------------+-----
Stealth        | 9 11 12 14 16 18 19 20 21 | 21.0
Spellcasting   | 5 6 8 9 10 11 12 | 12.1
Hexes          | 5 6 7 8 9 10 12 13 14 | 14.0
Fighting       | 1 3 4 |  4.7
Short Blades   | 3 6 8 9 |  9.1
Dodging        | 4 7 10 11 | 11.2

Action                   |  1- 3 |  4- 6 |  7- 9 | 10-12 || total
-------------------------+-------+-------+-------+-------++-------
Melee: Dagger            |     7 |     7 |    46 |     2 ||    62
 Cast: Confusing Touch   |       |       |     3 |     1 ||     4
  Use: Potion            |     2 |     1 |     1 |       ||     4
 Stab: Invisible         |     2 |       |     4 |       ||     6
       Sleeping          |     1 |     4 |    12 |       ||    17
       Confused          |       |       |     3 |       ||     3
       Paralysed         |       |       |     1 |     1 ||     2
Dodge: Dodged            |     3 |     1 |    19 |     1 ||    24
